AoeStats
← BSHammer

Arena

509526135Analyzed
3v3 RM · 6d ago on Sep 27, 2026· 41m 12s· 6 players
Game mode
Random Map
Map size
Normal (6 player)
Population
200
Speed
Normal
Resources
Standard
Victory
Conquest
Starting age
Dark Age
Ending age
Imperial Age
RankedLock teamsTeams togetherTeam positionsShared explorationLock speedFull tech treeHidden civsTurbo modeCheats
Victory
Defeat
🇨🇦 Bohemians · Canada
1732
+8
🇺🇸 Goths · United States
1686
+9
🇺🇸 Hindustanis · United States
1668
+10
🇺🇸 Berbers · United States
1550
-10
🇺🇸 Shu · United States
1541
-9
🇺🇸 Georgians · United States
1502
-8
BSHammer
10:46 Feudal Age
14:49 Castle Age
15:07 Loom
16:53 Fletching
33:05 Horse Collar
33:11 Double-Bit Axe
37:31 Imperial Age
Lucas Ducas
9:49 Feudal Age
14:33 Castle Age
12:48 Horse Collar
13:40 Double-Bit Axe
18:06 Bow Saw
20:44 Wheelbarrow
21:13 Heavy Plow
23:37 Hand Cart
23:31 Stone Mining
23:30 Loom
23:31 Town Watch
28:51 Imperial Age
27:43 Scale Mail Armor
27:53 Forging
27:38 Treadmill Crane
28:52 Chain Mail Armor
28:42 Squires
28:03 Pikeman
28:29 Arson
28:49 Fletching
29:15 Coiled Serpent Array
30:05 Conscription
31:01 Two-Man Saw
29:53 Halberdier
31:39 Plate Mail Armor
31:04 Bodkin Arrow
31:22 Gold Mining
33:35 Siege Engineers
34:13 Bracer
34:35 Ballistics
33:39 Man-at-Arms
34:08 Gambesons
34:12 Long Swordsman
35:58 Gold Shaft Mining
35:01 Two-Handed Swordsman
37:13 Champion
40:31 Masonry
40:59 Hoardings
koriko9397
10:55 Feudal Age
14:37 Castle Age
12:41 Double-Bit Axe
15:20 Horse Collar
19:07 Wheelbarrow
22:29 Heavy Plow
23:42 Bow Saw
24:59 Hand Cart
26:13 Loom
26:14 Town Watch
27:42 Bloodlines
30:17 Imperial Age
28:21 Fortified Wall
28:24 Scale Barding Armor
28:52 Gold Mining
29:10 Husbandry
29:25 Forging
30:29 Chain Barding Armor
30:30 Cavalier
32:09 Plate Barding Armor
34:01 Light Cavalry
35:26 Conscription
37:25 Iron Casting
37:05 Kasbah
37:33 Fletching
38:34 Ballistics
39:09 Bodkin Arrow
39:15 Padded Archer Armor
40:28 Bracer
LowEloNobody
10:20 Feudal Age
14:07 Castle Age
12:14 Horse Collar
13:35 Double-Bit Axe
13:46 Gold Mining
15:46 Bow Saw
15:42 Heavy Plow
16:19 Bow Saw
20:04 Sanctity
21:10 Loom
26:07 Wheelbarrow
26:32 Redemption
27:51 Scale Barding Armor
27:57 Forging
29:25 Chain Barding Armor
31:55 Imperial Age
29:34 Town Watch
30:27 Iron Casting
30:09 Fletching
30:35 Hand Cart
30:39 Bloodlines
30:29 Husbandry
31:34 Gold Shaft Mining
31:40 Masonry
33:35 Chemistry
32:07 Heavy Camel Rider
33:40 Plate Barding Armor
34:18 Blast Furnace
33:42 Bodkin Arrow
34:23 Block Printing
34:43 Conscription
35:02 Imperial Camel Rider
35:56 Padded Archer Armor
36:49 Ballistics
38:17 Leather Archer Armor
39:27 Bodkin Arrow
39:39 Stone Mining
39:55 Grand Trunk Road
39:58 Shatagni
40:45 Ring Archer Armor
NotDukito
10:41 Feudal Age
14:24 Castle Age
12:29 Double-Bit Axe
12:40 Horse Collar
15:25 Bow Saw
16:05 Heavy Plow
20:36 Fervor
21:09 Wheelbarrow
26:03 Imperial Age
23:20 Loom
24:28 Hand Cart
24:36 Ballistics
25:49 Chemistry
25:25 Padded Archer Armor
26:45 Leather Archer Armor
28:03 Ring Archer Armor
29:23 Scale Mail Armor
28:48 Pikeman
30:17 Halberdier
31:56 Squires
33:38 Chain Mail Armor
40:00 Siege Engineers
42:06 Plate Mail Armor
Mr. Beaver
10:09 Feudal Age
14:10 Castle Age
12:19 Double-Bit Axe
12:25 Horse Collar
15:07 Bow Saw
14:58 Heavy Plow
17:00 Loom
21:09 Wheelbarrow
21:05 Stone Mining
23:08 Gold Mining
23:55 Scale Mail Armor
24:06 Forging
25:45 Hand Cart
25:31 Fletching
29:45 Imperial Age
27:40 Squires
27:01 Pikeman
27:42 Town Watch
28:54 Chain Mail Armor
29:41 Stone Shaft Mining
29:53 Iron Casting
30:06 Ballistics
29:58 Masonry
30:24 Bodkin Arrow
31:16 Conscription
30:57 Anarchy
31:10 Halberdier
31:53 Town Patrol
32:46 Perfusion
35:25 Blast Furnace
36:25 Crop Rotation
36:46 Bracer
37:48 Chemistry
36:29 Treadmill Crane
Connection lost

Rejoining the realm…

Still unreachable

The connection could not be restored.

Session expired

The server has moved on; the page needs a fresh start.